 Dungeon Crawl Stone Soup version 0.16-a0-1858-gba9b1e2 (webtiles) character file.

10228 RobertPalmer the Martial Artist (level 11, 0/65 (70) HPs)
             Began as a Demonspawn Transmuter on Nov 4, 2014.
             Succumbed to a black mamba's poison
             ... on level 1 of the Lair of Beasts.
             The game lasted 00:39:04 (13292 turns).

RobertPalmer the Martial Artist (DsTm)             Turns: 13292, Time: 00:39:04

HP:   0/65 (70)     AC:  6    Str: 12    XL:     11   Next: 33%
MP:   6/26          EV: 26    Int: 17    God:
Gold: 153           SH:  0    Dex: 21    Spells: 3 memorised, 8 levels left

rFire  + . .     SeeInvis .       - Unarmed
rCold  + . .     Clarity  +     c - +0 robe
rNeg   . . .     SustAb   .     (no shield)
rPois  +         Gourm    .     l - +2 hat {Int+3}
rElec  +         Spirit   +     z - +1 cloak
rCorr  +         Warding  .     (no gloves)
rMut   .         Stasis   .     (no boots)
MR     .....                    x - cursed amulet of clarity
Stlth  ++++++....               e - ring of stealth
                                h - ring of magical power

@: agile, lethally poisoned, resistant, very slightly contaminated, not
resistant to hostile enchantments, very stealthy
A: claws 2, hooves 1, horns 2, nightstalker 2, electricity resistance, magic
shield, magic regeneration
a: no special abilities


You were on level 1 of the Lair of Beasts.
You were not hungry.

You visited 3 branches of the dungeon, and saw 12 of its levels.
You also visited: Ossuary.

You collected 522 gold pieces.
You spent 369 gold pieces at shops.


Innate Abilities, Weirdness & Mutations

You have very sharp fingernails.
You have large cloven feet.
You have a pair of horns on your head.
You are significantly more attuned to the shadows.
When hurt, damage is shared between your health and your magic reserves.
You regenerate magic rapidly.
You are resistant to electric shocks.


   Skills:
 - Level 1.0 Fighting
 + Level 9.4 Dodging
 - Level 12.4 Unarmed Combat
 - Level 2.0 Spellcasting
 - Level 6.1 Transmutations


You had 8 spell levels left.
You knew the following spells:

 Your Spells              Type           Power        Failure   Level  Hunger
x - Spider Form           Trmt/Pois      ##........   17%         3    ###....
z - Beastly Appendage     Trmt           ###...       1%          1    #......
Z - Sticks to Snakes      Trmt           ###.......   2%          2    ###....

Inventory:

Hand weapons
 D - a +3 blowgun
Missiles
 A - 51 arrows
 E - 9 poisoned needles
Armour
 c - a +0 robe (worn)
 l - a +2 hat of intelligence (worn)
 z - a +1 cloak (worn)
Rods
 b - a +2 lightning rod (12/13) {!a}
   (You found it on level 8 of the Dungeon)
Jewellery
 e - a ring of stealth (right claw)
 h - a ring of magical power (left claw)
 i - an uncursed ring of flight
 k - a +3 ring of strength {unknown}
 o - an uncursed ring of teleportation
 w - a cursed ring of sustain abilities
 x - a cursed amulet of clarity (around neck)
 y - an uncursed amulet of faith {unknown}
Scrolls
 f - 7 scrolls of remove curse
 j - a scroll of immolation {!r}
 q - 2 scrolls of blinking
 G - a scroll of magic mapping
 H - a scroll of enchant weapon
Potions
 g - a potion of haste
 r - a potion of brilliance
 s - 4 potions of restore abilities
 v - a potion of might
Books
 d - a book of Changes
Comestibles
 a - 12 bread rations
 m - a slice of pizza
 n - 2 beef jerkies
 B - a meat ration

Dungeon Overview and Level Annotations

Branches:
Dungeon (10/15)            Temple (1/1) D:4            Lair (1/8) D:10
    Orc (0/4) D:9

Altars:
Ashenzari
Cheibriados
Dithmenos
Elyvilon
Fedhas
Gozag
Kikubaaqudgha
Makhleb
Nemelex Xobeh
Okawaru
Qazlal
Ru
Sif Muna
Trog
Xom
Yredelemnul
Zin
The Shining One

Shops:
D:8 [   D:9 ((?

Portals:
Trove: D:10 (give wand of heal wounds (9))

Annotations:
D:4 RobertPalmer's ghost, average DsTm
D:10 RobertPalmer's ghost, experienced DsTm

## ##.### #
#....# .#
##....#
.#####.@P#
#.....#### #
#...# ..###
##...# #....
#...F## #...
##....# ##..
##.....##F#
#...
##........#
##..#
##...........
P##...#


There were no monsters in sight!


Message History

* * * LOW HITPOINT WARNING * * *
Read which item? (? for menu, Esc to quit)
Blink to where?
As you read the scroll of blinking, it crumbles to dust.
You are very lightly contaminated with residual magic.
* * * LOW HITPOINT WARNING * * *
You feel very sick.
Drink which item? (? for menu, Esc to quit)
You feel agile all of a sudden.
It was a potion of agility.
* * * LOW HITPOINT WARNING * * *
You feel very sick.
Read which item? (? for menu, Esc to quit)
Okay, then.
Read which item? (? for menu, Esc to quit)
As you read the scroll of fear, it crumbles to dust.
You assume a fearsome visage.
The spiny frog looks frightened!
The black mamba looks frightened!
* * * LOW HITPOINT WARNING * * *
You feel very sick.
Drink which item? (? for menu, Esc to quit)
You feel protected.
It was a potion of resistance.
* * * LOW HITPOINT WARNING * * *
You feel very sick.
The black mamba is no longer bleeding.
Drink which item? (? for menu, Esc to quit)
You feel insulated.
You feel fantastic!
It was a potion of beneficial mutation.
You die...

Action                   |  1- 3 |  4- 6 |  7- 9 | 10-12 || total
-------------------------+-------+-------+-------+-------++-------
Melee: Unarmed           |   140 |   290 |   506 |   222 ||  1158
Throw: Throwing net      |       |     1 |     5 |     2 ||     8
 Cast: Beastly Appendage |    21 |    41 |    41 |       ||   103
       Sticks to Snakes  |     1 |     4 |    16 |     2 ||    23
       Spider Form       |       |       |     1 |    10 ||    11
 Abil: End Transformatio |       |       |     1 |     7 ||     8
Evoke: Rod               |       |       |     3 |    16 ||    19
  Use: Scroll            |     6 |     4 |    11 |     9 ||    30
       Potion            |       |       |     6 |     7 ||    13
 Stab: Sleeping          |     1 |     8 |    18 |     2 ||    29
       Distracted        |       |       |       |     3 ||     3
       Held in net/web   |       |       |       |     3 ||     3
  Eat: Chunk             |     5 |     7 |    13 |    14 ||    39
       Meat ration       |       |     1 |     1 |       ||     2
       Fruit             |       |       |     2 |       ||     2

Vault maps used:
D:1:      dpeg_arrival_tiny_c
D:2:      wad_woods_stonehenge, first_bread, minmay_newt_pond
D:3:      nicolae_overflow_hidden_temple, hangedman_abyss_or_decor_lesser_grid
D:4:      temple_pool_b, serial_park_tiny_1, uniq_iyjb
D:5:      kennysheep_little_box, nemelex_lonely_heart_becter
D:6:      lemuel_crystal_altar, kennysheep_mini, dk_rats_in_the_wall
D:7:      grunt_temple_overflow_order_and_chaos_2, nicolae_ossuary_entry_ruins
D:8:      gammafunk_temple_overflow_pools, serial_shops, shop, serial_undead,
          serial_undead_a, serial_undead_b, serial_undead_b, serial_undead_c,
          serial_undead_e, serial_undead_e, serial_undead_b, serial_undead_f,
          the_bakery, minmay_misc_feat_alley, uniq_edmund, uniq_joseph
D:9:      orc_0_dummy, serial_shops, shop, shop, nicolae_shop_waterfront
D:10:     lair_0_dummy, enter_trove_1, st_stairs_3
Temple:   temple_eino_lava_8
Lair:1:   serial_bayou_pond_c, beast_lair_carwin_8, uniq_erica
Ossuary:  ossuary_minmay_four_chambers

Notes
Turn   | Place    | Note
--------------------------------------------------------------
     0 | D:1      | RobertPalmer, the Demonspawn Transmuter, began the quest for the Orb.
     0 | D:1      | Reached XP level 1. HP: 15/15 MP: 3/3
    73 | D:1      | Reached skill level 3 in Unarmed Combat
    73 | D:1      | Gained mutation: You have a pair of small horns on your head. [demonic ancestry]
    73 | D:1      | Reached XP level 2. HP: 12/21 MP: 2/4
   975 | D:1      | Gained mutation: You have sharp fingernails. [demonic ancestry]
   975 | D:1      | Reached XP level 3. HP: 24/26 MP: 6/6
  1381 | D:2      | Reached skill level 4 in Unarmed Combat
  1716 | D:2      | Learned a level 2 spell: Sticks to Snakes
  2277 | D:2      | Gained mutation: You have a pair of horns on your head. [demonic ancestry]
  2277 | D:2      | Reached XP level 4. HP: 32/32 MP: 7/7
  2579 | D:2      | Reached skill level 5 in Unarmed Combat
  2858 | D:2      | Gained mutation: You are slightly more attuned to the shadows. [demonic ancestry]
  2858 | D:2      | Reached XP level 5. HP: 28/37 MP: 9/9
  2971 | D:2      | Found a basalt altar of Yredelemnul.
  3840 | D:3      | Reached skill level 6 in Unarmed Combat
  3951 | D:3      | Found a white marble altar of Elyvilon.
  4012 | D:3      | Found a sacrificial altar of Ru.
  4012 | D:3      | Found a sparkling altar of Nemelex Xobeh.
  4427 | D:4      | Gained mutation: You have very sharp fingernails. [demonic ancestry]
  4427 | D:4      | Reached XP level 6. HP: 30/43 MP: 10/10
  4787 | D:4      | Noticed Ijyb
  4798 | D:4      | Killed Ijyb
  4903 | D:4      | Noticed RobertPalmer's ghost (average DsTm)
  4965 | D:4      | Noticed a sky beast
  4977 | D:4      | Killed a sky beast
  4977 | D:4      | Reached skill level 7 in Unarmed Combat
  5034 | D:4      | Found a staircase to the Ecumenical Temple.
  5045 | Temple   | Entered the Ecumenical Temple
  5308 | D:5      | Entered Level 5 of the Dungeon
  5513 | D:5      | Found a sparkling altar of Nemelex Xobeh.
  5552 | D:5      | Found a deep blue altar of Sif Muna.
  5567 | D:5      | Reached skill level 2 in Dodging
  5607 | D:5      | Reached XP level 7. HP: 48/48 MP: 12/12
  5852 | D:6      | Found a basalt altar of Yredelemnul.
  5955 | D:6      | Reached skill level 3 in Dodging
  6914 | D:5      | Reached skill level 4 in Dodging
  7244 | D:6      | Found an iron altar of Okawaru.
  7558 | D:6      | Reached skill level 5 in Dodging
  8021 | D:5      | Gained mutation: When hurt, damage is shared between your health and your magic reserves. [demonic ancestry]
  8021 | D:5      | Reached XP level 8. HP: 54/54 MP: 13/13
  8080 | D:5      | Reached skill level 6 in Dodging
  8347 | D:7      | Found a sand-covered staircase.
  8360 | Ossuary  | Entered an ossuary
  8446 | Ossuary  | Reached skill level 2 in Transmutations
  8475 | Ossuary  | Reached skill level 3 in Transmutations
  8536 | Ossuary  | Reached skill level 4 in Transmutations
  8589 | Ossuary  | Reached skill level 5 in Transmutations
  8761 | D:7      | Lost mutation: You have claws for feet. [demonic ancestry]
  8761 | D:7      | Lost mutation: You have razor-sharp toenails. [demonic ancestry]
  8761 | D:7      | Lost mutation: You have sharp toenails. [demonic ancestry]
  8761 | D:7      | Gained mutation: You have large cloven feet. [demonic ancestry]
  8761 | D:7      | Reached XP level 9. HP: 42/59 MP: 14/14
  9099 | D:7      | Found a burning altar of Makhleb.
  9099 | D:7      | Found a glowing silver altar of Zin.
  9100 | D:7      | Noticed an angel
  9100 | D:7      | Noticed an Executioner
  9165 | D:8      | Reached skill level 6 in Transmutations
  9281 | D:8      | Learned a level 3 spell: Spider Form
  9285 | D:8      | Noticed Edmund
  9479 | D:8      | Reached skill level 8 in Unarmed Combat
  9539 | D:8      | Found Afozoulyargh's Antique Armour Emporium.
  9542 | D:8      | Bought a cloak for 117 gold pieces
  9725 | D:8      | Identified a cursed +0 lightning rod (10/10) (You found it on level 8 of the Dungeon)
  9797 | D:8      | Reached skill level 9 in Unarmed Combat
 10104 | D:8      | Found a snail-covered altar of Cheibriados.
 10104 | D:8      | Found an ancient bone altar of Kikubaaqudgha.
 10204 | D:8      | Killed Edmund
 10204 | D:8      | Reached skill level 10 in Unarmed Combat
 10215 | D:8      | Gained mutation: You are significantly more attuned to the shadows. [demonic ancestry]
 10215 | D:8      | Reached XP level 10. HP: 35/60 MP: 13/16
 10464 | D:8      | Noticed Joseph
 10480 | D:8      | Killed Joseph
 10939 | D:9      | Found a staircase to the Orcish Mines.
 10941 | D:9      | Found Jarhikim's Weapon Emporium.
 11142 | D:9      | Reached skill level 11 in Unarmed Combat
 11537 | D:9      | You fall through a shaft!
 11537 | D:10     | Entered Level 10 of the Dungeon
 11549 | D:10     | Noticed a hill giant
 11570 | D:10     | Found a portal to a secret trove of treasure.
 11599 | D:10     | Noticed RobertPalmer's ghost (experienced DsTm)
 11776 | D:9      | Found Qyohopt's Antique Weapon Shoppe.
 11873 | D:9      | Reached skill level 12 in Unarmed Combat
 11906 | D:9      | Found Pyhab's Magic Scroll Shop.
 11909 | D:9      | Noticed a manticore
 12140 | D:9      | Bought a scroll of fear for 49 gold pieces
 12140 | D:9      | Bought a scroll of fear for 49 gold pieces
 12140 | D:9      | Bought a scroll of blinking for 105 gold pieces
 12140 | D:9      | Bought a scroll of magic mapping for 49 gold pieces
 12180 | D:9      | Killed a manticore
 12354 | D:10     | Reached skill level 7 in Dodging
 12388 | D:10     | Found a staircase to the Lair.
 12399 | Lair:1   | Entered Level 1 of the Lair of Beasts
 12652 | Lair:1   | Gained mutation: You regenerate magic rapidly. [demonic ancestry]
 12652 | Lair:1   | Reached XP level 11. HP: 42/65 MP: 17/17
 12852 | Lair:1   | Noticed Erica
 12865 | Lair:1   | Killed Erica
 12865 | Lair:1   | Reached skill level 8 in Dodging
 13038 | Lair:1   | Noticed a six-headed hydra
 13047 | Lair:1   | Killed a six-headed hydra
 13047 | Lair:1   | Reached skill level 9 in Dodging
 13268 | Lair:1   | Noticed a black mamba
 13290 | Lair:1   | HP: 4/65 [poisoned by a black mamba]
 13291 | Lair:1   | Identified a potion of resistance
 13292 | Lair:1   | Gained mutation: You are resistant to electric shocks. [potion of beneficial mutation]
 13292 | Lair:1   | Succumbed to a black mamba's poison

Vanquished Creatures
  A hydra (Lair:1)
  Erica (Lair:1)
  A manticore (D:9)
  Joseph (D:8)
  4 spiny frogs (Lair:1)
  A fire drake (Lair:1)
  A two-headed ogre (D:9)
  A spriggan (D:8)
  5 yaks (D:9)
  A hungry ghost (D:8)
  A hippogriff (D:9)
  A wolf (Lair:1)
  Edmund (D:8)
  A porcupine (Lair:1)
  3 sky beasts
  2 water moccasins
  2 phantoms
  2 orc warriors
  4 necrophages (D:8)
  6 ogres
  An ice beast (D:5)
  3 crocodiles (D:8)
  3 elf zombies (Ossuary)
  7 giant frogs
  3 big kobolds
  A hippogriff zombie (D:8)
  2 scorpions
  3 wights
  2 goliath beetles
  5 crimson imps
  5 hounds
  5 orc priests
  5 centaur zombies (Ossuary)
  A soldier ant zombie (D:8)
  A giant frog skeleton (D:6)
  4 human zombies (Ossuary)
  2 jellies
  6 orc wizards
  4 worker ants
  5 iguanas
  A killer bee zombie (D:8)
  Ijyb (D:4)
  A big kobold zombie (D:5)
  4 mummies
  5 gnolls
  18 adders
  11 green rats
  3 shadow imps (D:6)
  2 giant mites
  A worm (D:3)
  An adder zombie (D:7)
  An orc skeleton (D:7)
  An iguana zombie (D:7)
  5 giant geckos
  2 oozes (D:2)
  18 orcs
  8 giant cockroaches
  15 hobgoblins
  12 jackals
  23 kobolds
  3 ball pythons
  25 bats
  14 giant newts
  A giant newt skeleton (D:4)
  A giant spore (D:9)
  14 goblins
  A hobgoblin skeleton (D:7)
  An orc zombie (D:6)
  5 quokkas
  A quokka zombie (D:8)
  25 rats
  2 ballistomycetes (D:9)
  2 plants (D:2)
336 creatures vanquished.

Vanquished Creatures (collateral kills)
  A green rat (D:2)
  A plant (D:2)
2 creatures vanquished.

Grand Total: 338 creatures vanquished
